 Dungeon Crawl Stone Soup version 0.30-a0-457-g4b7bca3bfa (console) character file.

Game seed: 1048622303998955702

6230 Ignak the Fighter (level 10, -3/106 HPs)
             Began as an Ogre Hedge Wizard on Dec 13, 2022.
             Was a High Priest of Okawaru.
             Slain by a white ugly thing (33 damage)
             ... on level 8 of the Dungeon.
             The game lasted 00:27:52 (8148 turns).

Ignak the Fighter (Ogre Hedge Wizard)               Turns: 8148, Time: 00:27:52

Health: -3/106     AC: 11    Str: 26    XL:     10   Next: 92%
Magic:  6/19       EV: 10    Int: 15    God:    Okawaru [*****.]
Gold:   380        SH:  0    Dex:  8    Spells: 8/21 levels left

rFire   . . .      SeeInvis .    a - +2 hand axe (vorpal)
rCold   . . .      Faith    .    (no shield)
rNeg    . . .      Spirit   .    t - +0 troll leather armour {Pargi}
rPois   +          Reflect  .    c - +0 hat
rElec   .          Harm     .    m - +0 cloak
rCorr   .          Rampage  .    (gloves unavailable)
Will    +....      Clarity  +    (boots unavailable)
Stlth   +.........               A - amulet of magic regeneration
HPRegen 1.17/turn                f - +4 ring of protection
MPRegen 0.56/turn                u - +6 ring of strength

@: very slightly contaminated, slowed, very slow
A: large, unfitting armour, tough skin 1, clarity, sense surroundings 1, poison
resistance
a: Renounce Religion, Heroism, Finesse, Duel


You were on level 8 of the Dungeon.
You worshipped Okawaru.
Okawaru was extremely pleased with you.
You visited 2 branches of the dungeon, and saw 10 of its levels.

You collected 380 gold pieces.

Inventory:

Hand Weapons
 a - a +2 vorpal hand axe (weapon)
 b - a +0 whip of electrocution
 w - a +0 war axe
Missiles
 B - 23 poisoned darts
 J - 4 large rocks (quivered)
Armour
 c - a +0 hat (worn)
 m - a +0 cloak (worn)
 t - a +0 troll leather armour (worn) {Pargi}
 x - the +18 shield of the Gong {rElec rN+ Will+ EV-5}
   (You acquired it on level 7 of the Dungeon)

   It is deafeningly noisy when blocking attacks.
   EV:        It affects your evasion (-5).
   rElec:     It insulates you from electricity.
   rN:        It protects you from negative energy.
   Will:      It increases your willpower.
 y - a +2 robe of willpower
Jewellery
 f - a +4 ring of protection (left hand)
 u - a +6 ring of strength (right hand)
 v - a ring of poison resistance
 A - an amulet of magic regeneration (around neck)
 G - a ring of resist corrosion
Wands
 g - a wand of mindburst (22)
 k - a wand of flame (38)
Scrolls
 e - a scroll of enchant armour {unknown}
 i - a scroll of blinking
 l - a scroll of magic mapping {unknown}
 p - a scroll of brand weapon
 r - 2 scrolls of poison
 z - a scroll of fog
 D - a scroll of teleportation {unknown}
 E - a scroll of silence
 F - a scroll of fear {unknown}
 H - a scroll of identify
Potions
 d - a potion of magic
 h - a potion of mutation
 j - 2 potions of curing
 n - a potion of ambrosia
 o - 2 potions of heal wounds
 q - 2 potions of berserk rage {unknown}
 s - a potion of might {unknown}
 C - a potion of brilliance
 I - a potion of lignification {unknown}


   Skills:
 * Level 8.6 Fighting
 * Level 4.9(5.3) Axes
 - Level 2.6(3.9) Maces & Flails
 - Level 3.4 Throwing
 * Level 4.5 Armour
 + Level 5.6 Dodging
 - Level 1.4 Stealth
 * Level 3.6 Shields
 - Level 1.0 Unarmed Combat
 + Level 6.4 Spellcasting
 + Level 4.2 Conjurations
 + Level 3.3 Hexes
 - Level 2.0 Summonings
 - Level 2.0 Translocations
 - Level 2.0 Air Magic
 - Level 2.0 Poison Magic


You had 8 spell levels left.
You knew the following spells:

 Your Spells              Type           Power      Damage    Failure   Level
a - Magic Dart            Conj           68%        1d6       2%          1
b - Blink                 Tloc           20%        N/A       11%         2
c - Slow                  Hex            56%        N/A       4%          1
d - Mephitic Cloud        Conj/Pois/Air  13%        N/A       16%         3
e - Call Imp              Summ           10%        N/A       11%         2
f - Fulminant Prism       Conj/Hex       8%         3d7       32%         4

Your spell library contained the following spells:

 Spells                   Type           Power      Damage    Failure   Level
 Cigotuvi's Dreadful Rot  Necr/Pois/Air  16%        N/A       14%         2
 Scorch                   Fire           8%         2d5       24%         2
 Sublimation of Blood     Necr           4%         N/A       24%         2
 Kindle Blastsparks       Fire/Tloc/Air  16%        2d11      26%         3
 Iskenderun's Mystic Bla  Conj/Tloc      14%        2d5       41%         4
 Flame Wave               Conj/Fire      11%        2d6       54%         4
 Dispel Undead            Necr           4%         3d7       83%         4
 Petrify                  Tmut/Erth      4%         N/A       83%         4
 Irradiate                Conj/Tmut      5%         3d13      88%         5
 Lee's Rapid Deconstruct  Erth           2%         3d4*      99%         5
 Orb of Destruction       Conj           8%         9d6       100%        7
 Summon Guardian Golem    Hex/Summ       Unusable   N/A       N/A         3
 Death Channel            Necr           Unusable   N/A       N/A         6
 Summon Cactus Giant      Summ           Unusable   N/A       N/A         6
 Spellforged Servitor     Conj/Summ      Unusable   N/A       N/A         7

Dungeon Overview and Level Annotations

Branches:
Dungeon (9/15)             Temple (1/1) D:4
   Lair: D:8-11         Orc: D:9-12

Altars:
Cheibriados
Elyvilon
Fedhas
Gozag
Makhleb
Okawaru
Qazlal
Trog
Vehumet
Xom
Zin

Shops:
D:5 :


Innate Abilities, Weirdness & Mutations

You are too large for most types of armour.
You have tough skin. (AC +1)
You possess an exceptional clarity of mind.
You passively map a small area around you.
Your system is resistant to poisons. (rPois)


Message History

Aiming: Fulminant Prism (dangerous; 32% risk of failure)
Press: ? - help, Dir - move target You conjure a prism of explosive energy!
A fulminant prism comes into view.
The white ugly thing basks in your mutagenic energy and changes!
Unknown command.
Unknown command.
You slash the red ugly thing! Your punch misses the red ugly thing.
The red ugly thing is heavily wounded.
You slash the white ugly thing!
The white ugly thing basks in the mutagenic energy from its kin and changes!
Your fulminant prism crackles loudly.
You barely miss the red ugly thing.
The red ugly thing is heavily wounded.
You hit the red ugly thing. The red ugly thing bites you!
You are engulfed in flames!
Your fulminant prism explodes!
The blast of energy engulfs the red ugly thing!
The red ugly thing is almost dead.
The blast of energy engulfs the red ugly thing!!
The red ugly thing is severely wounded.
The red ugly thing basks in your mutagenic energy and changes!
Casting: Fulminant Prism (dangerous; 32% risk of failure)
Confirm with . or Enter, or press ? or * to list all spells.
Aiming: Fulminant Prism (dangerous; 32% risk of failure)
Press: ? - help, Dir - move target You miscast Fulminant Prism.
Nothing appears to happen.
The red ugly thing gores you but does no damage.
The red ugly thing gores you.
You are engulfed in flames!!
Unknown command.
Casting: Fulminant Prism (dangerous; 32% risk of failure)
Confirm with . or Enter, or press ? or * to list all spells.
Aiming: Fulminant Prism (dangerous; 32% risk of failure)
Press: ? - help, Dir - move target You conjure a prism of explosive energy!
A fulminant prism comes into view.
The white ugly thing kicks you.
* * * LOW HITPOINT WARNING * * *
The white ugly thing freezes you!!
You die...

# # # ##################
######..))..)..........
##...#(*.##############.
#...!....).^u§.# #.
#...##†uu#####u# #.
#.P.###@######.# ###.
#.P.# #.#......######...
#...# #.#.####.##....>/.
#...# #.......#...###.##
#...# #...####.#### #.##
#...###...####)# #...
#.♣..........).# #..#
#.♣.###.....)#.# #..#
#.♣.# #..###.#.# #..#


You could see 2 ugly things and a friendly fulminant prism.

Vanquished Creatures
  A cyclops (D:9)
  A gargoyle (D:9)
  Maggie (D:7)
  2 trolls
  A shadow (D:8)
  5 yaks
  2 steam dragons
  Menkaure (D:4)
  A water moccasin (D:8)
  Duvessa (D:6)
  An ice beast (D:5)
  2 sky beasts (D:7)
  Pargi (D:3)
  4 orc warriors
  2 black bears
  3 centaurs
  2 kobold brigands
  Blork the orc (D:5)
  2 scorpions
  4 bullfrogs
  5 wights
  Dowan (D:6)
  3 killer bees (D:9)
  An electric eel (D:9)
  4 howler monkeys (D:7)
  A jelly (D:7)
  A gnoll bouda (D:8)
  7 orc priests
  3 hounds
  2 iguanas (D:6)
  10 orc wizards
  6 adders
  5 gnolls
  2 ufetubi
  A worm (D:4)
  3 dart slugs
  24 orcs
  6 endoplasms
  2 giant cockroaches
  9 goblins
  6 hobgoblins
  8 jackals
  2 quokkas
  9 ball pythons
  3 bats
  A frilled lizard (D:3)
  17 kobolds
  6 rats
186 creatures vanquished.

Vanquished Creatures (collateral kills)
  Jessica (D:2)
  Robin (D:4)
  2 gnolls (D:2)
  4 adders
  A worm (D:3)
  A dart slug (D:4)
  2 endoplasms
  8 goblins
  3 hobgoblins (D:4)
  6 jackals
  A quokka (D:2)
  3 bats
  A frilled lizard (D:3)
  2 kobolds
36 creatures vanquished.

Vanquished Creatures (others)
  4 fulminant prisms
  5 fungi (D:8)
  8 plants (D:9)
17 creatures vanquished.

Grand Total: 239 creatures vanquished

Notes
Turn   | Place    | Note
-------+----------+-------------------------------------------
     0 | D:1      | Ignak the Ogre Hedge Wizard began the quest for the Orb.
     0 | D:1      | Reached XP level 1. HP: 16/16 MP: 5/5
   198 | D:1      | Reached skill level 1 in Translocations
   205 | D:1      | Reached skill level 1 in Conjurations
   205 | D:1      | Reached skill level 1 in Summonings
   287 | D:1      | Reached XP level 2. HP: 26/26 MP: 3/6
   290 | D:1      | Learned a level 1 spell: Slow
   293 | D:1      | Learned a level 2 spell: Blink
   296 | D:1      | Learned a level 2 spell: Call Imp
   649 | D:1      | Reached skill level 1 in Fighting
  1094 | D:2      | Noticed Jessica
  1133 | D:2      | Killed Jessica
  1134 | D:2      | Reached XP level 3. HP: 35/35 MP: 8/8
  1138 | D:2      | Learned a level 3 spell: Mephitic Cloud
  1686 | D:2      | Reached XP level 4. HP: 42/42 MP: 9/9
  1855 | D:2      | Reached skill level 1 in Unarmed Combat
  1999 | D:2      | Found a faded altar of an unknown god.
  2409 | D:3      | Reached skill level 2 in Fighting
  2435 | D:3      | Reached skill level 1 in Armour
  2435 | D:3      | Reached XP level 5. HP: 43/49 MP: 7/10
  2720 | D:3      | Found a stormy altar of Qazlal.
  2779 | D:3      | Reached skill level 1 in Air Magic
  3017 | D:3      | Found a bloodstained altar of Trog.
  3037 | D:3      | Found a shimmering altar of Xom.
  3048 | D:3      | Identified the +2 ring mail of Lihav {Will+ Int+6 SInv}
  3106 | D:4      | Noticed Pargi
  3124 | D:3      | Killed Pargi
  3125 | D:3      | Reached skill level 1 in Throwing
  3125 | D:3      | Reached skill level 1 in Poison Magic
  3125 | D:3      | Reached XP level 6. HP: 40/59 MP: 3/12
  3285 | D:4      | Found a staircase to the Ecumenical Temple.
  3287 | D:4      | Noticed Robin
  3319 | D:4      | Reached skill level 3 in Fighting
  3331 | D:4      | Killed Robin
  3356 | D:4      | Noticed Menkaure
  3365 | D:4      | Killed Menkaure
  3366 | D:4      | Reached skill level 1 in Maces & Flails
  3366 | D:4      | Reached XP level 7. HP: 43/67 MP: 9/13
  3663 | Temple   | Entered the Ecumenical Temple
  3681 | Temple   | Became a worshipper of Warmaster Okawaru
  3842 | D:4      | Learned a level 4 spell: Fulminant Prism
  4073 | D:5      | Entered Level 5 of the Dungeon
  4095 | D:5      | Reached skill level 4 in Fighting
  4196 | D:5      | Noticed Blork the orc
  4207 | D:5      | Killed Blork the orc
  4250 | D:5      | Reached XP level 8. HP: 79/79 MP: 14/14
  4375 | D:5      | Reached * piety under Okawaru
  4519 | D:5      | Reached skill level 1 in Hexes
  4932 | D:5      | Found Xiewer's Book Boutique.
  5006 | D:6      | Noticed Duvessa
  5006 | D:6      | Noticed Dowan
  5026 | D:6      | Killed Duvessa
  5043 | D:6      | Killed Dowan
  5044 | D:6      | Reached skill level 5 in Fighting
  5222 | D:6      | Reached ** piety under Okawaru
  5286 | D:6      | Identified the +4 plate armour of Daisies {Int+4 Dex+4}
  5384 | D:6      | Reached skill level 1 in Axes
  5384 | D:6      | Reached skill level 5 in Spellcasting
  5406 | D:6      | Identified a scroll of acquirement
  5563 | D:7      | Noticed Maggie
  5580 | D:7      | Reached XP level 9. HP: 84/89 MP: 16/16
  5607 | D:7      | Killed Maggie
  5608 | D:7      | Reached skill level 6 in Fighting
  5921 | D:7      | Reached skill level 5 in Dodging
  5923 | D:7      | Reached *** piety under Okawaru
  6034 | D:7      | Acquired the +18 shield of the Gong {rElec rN+ Will+ EV-5}
  6034 | D:7      | Found the +18 shield of the Gong {rElec rN+ Will+ EV-5}
  6206 | D:7      | Found a glowing silver altar of Zin.
  6323 | D:8      | Reached skill level 7 in Fighting
  6325 | D:8      | Reached skill level 1 in Shields
  6579 | D:8      | Reached XP level 10. HP: 102/102 MP: 18/18
  6710 | D:8      | Reached **** piety under Okawaru
  6747 | D:8      | Gained mutation: Your flesh is heat resistant. (rF+)
                  | [potion of mutation]
  6747 | D:8      | Gained mutation: You occasionally shout uncontrollably at
                  | your foes. [potion of mutation]
  6747 | D:8      | Lost mutation: Your flesh is heat resistant. (rF+) [potion
                  | of mutation]
  6748 | D:8      | Lost mutation: You occasionally shout uncontrollably at
                  | your foes. [potion of mutation]
  6748 | D:8      | Gained mutation: You passively map a small area around you.
                  | [potion of mutation]
  6748 | D:8      | Gained mutation: Your system is resistant to poisons.
                  | (rPois) [potion of mutation]
  6748 | D:8      | Gained mutation: You possess an exceptional clarity of
                  | mind. [potion of mutation]
  6757 | D:8      | Found a radiant altar of Vehumet.
  6780 | D:8      | Found a blossoming altar of Fedhas.
  6968 | D:8      | Found a snail-covered altar of Cheibriados.
  7435 | D:9      | Noticed a purple ugly thing
  7440 | D:9      | Noticed a white ugly thing
  7745 | D:9      | Reached skill level 8 in Fighting
  7858 | D:9      | Noticed a cyclops
  7882 | D:9      | Killed a cyclops
  8007 | D:9      | Noticed a gargoyle
  8010 | D:9      | Killed a gargoyle
  8010 | D:9      | Reached ***** piety under Okawaru
  8148 | D:8      | Slain by a white ugly thing

Illustrated notes

Levels and vault maps discovered:
D:1:      pf_arrival_petrified_forest, layout_basic,
          chequers_serial_rivers_micro_b
D:2:      layout_loops_corners, dilly_ecumenical_altar_fadedgnrine,
          grunt_ministairs_3, kennysheep_jessica_study
D:3:      layout_rooms, mainiacjoe_overflow_alcove_1, xom_confusion_cloud,
          mainiacjoe_overflow_alcove_4
D:4:      layout_loops_cross, minmay_temple_entry_arrows, uniq_menkaure,
          uniq_pargi, uniq_robin
D:5:      layout_basic, serial_shops, kennysheep_mini_moat, uniq_blork_the_orc
D:6:      layout_basic, uniq_duvessa
D:7:      layout_basic, kennysheep_little_box, uniq_maggie
D:8:      layout_loops_ring, mainiacjoe_overflow_boulevard, cheibriados_altar_1,
          general_overflow_altar, corner_web_ring
D:9:      nzn_winding_woodlands_small [nzn_winding_woodlands_5x15_concentric,
          nzn_winding_woodlands_center_garden,
          nzn_winding_woodlands_5x15_river_crossing], layout_rooms,
          nicolae_hepliaklqana_hippocampus, orc_0_dummy
Temple:   jpeg_temple_clearing

Skill      XL: |  1  2  3  4  5  6  7  8  9 10 |
---------------+-------------------------------+-----
Translocations | 1 2 |  2.0
Conjurations   | 1 2 3 4 |  4.2
Summonings     | 1 2 |  2.0
Fighting       | 1 2 3 4 5 7 8 |  8.6
Dodging        | 2 3 4 5 |  5.6
Unarmed Combat | 1 |  1.0
Armour         | 1 2 3 4 |  4.5
Spellcasting   | 4 5 6 |  6.4
Air Magic      | 1 2 |  2.0
Throwing       | 1 2 3 |  3.4
Poison Magic   | 1 2 |  2.0
Maces & Flails | 1 2 |  2.6
Hexes          | 1 2 3 |  3.3
Axes           | 1 3 4 |  4.9
Shields        | 1 3 |  3.6
Stealth        | |  1.4

Action                   |  1- 3 |  4- 6 |  7- 9 | 10-12 || total
-------------------------+-------+-------+-------+-------++-------
Melee: Club              |    62 |       |       |       ||    62
       Dagger            |     5 |       |       |       ||     5
       Short sword       |     5 |   117 |       |       ||   122
       Punch             |       |     3 |     3 |     4 ||    10
       Whip              |       |    20 |   199 |       ||   219
       Hand axe          |       |       |   219 |   241 ||   460
Throw: Dart              |       |       |       |     2 ||     2
       Large rock        |       |       |       |     2 ||     2
 Cast: Magic Dart        |    12 |       |       |       ||    12
       Call Imp          |     7 |    14 |     1 |       ||    22
       Mephitic Cloud    |       |     4 |    21 |    18 ||    43
       Blink             |       |     4 |     2 |     3 ||     9
       Fulminant Prism   |       |       |       |     5 ||     5
Invok: Heroism           |       |       |       |     1 ||     1
Evoke: Wand              |       |     2 |       |       ||     2
  Use: Scroll            |       |     1 |     9 |     1 ||    11
       Potion            |       |     1 |     5 |     2 ||     8
 Stab: Sleeping          |     2 |       |       |       ||     2
       Distracted        |       |     2 |       |       ||     2
       Confused          |       |     1 |     7 |     9 ||    17
Armor: Robe              |    28 |    57 |       |       ||    85
       Troll leather arm |       |    29 |   237 |    73 ||   339
Dodge: Dodged            |    52 |   110 |   197 |   121 ||   480
Block: Kite shield       |       |       |    32 |    45 ||    77

Table legend: (Time is in decaauts)
 A = Elapsed time spent in this place.
 B = Non-inter-level travel time spent in this place.
 C = Inter-level travel time spent in this place.
 D = Time resting spent in this place.
 E = Time spent auto-exploring this place.
 F = Levels seen in this place.
 G = Mean time per level.
                   A        B        C        D        E       F      G
               +--------+--------+--------+--------+--------+-----+--------+
         Total |   8228 |   8011 |    217 |    860 |   4272 |  10 |  822.8 |
       Dungeon |   8191 |   7974 |    217 |    860 |   4266 |   9 |  910.1 |
        Temple |     36 |     36 |      0 |      0 |      6 |   1 |   36.0 |
               +--------+--------+--------+--------+--------+-----+--------+

Top non-repeatable levels by time:
     D:2: 1687 daAuts
     D:8: 1250 daAuts
     D:5: 933 daAuts
     D:7: 898 daAuts
     D:1: 877 daAuts
     D:4: 847 daAuts
     D:3: 645 daAuts
     D:6: 539 daAuts
     D:9: 512 daAuts
  Temple: 36 daAuts
